 Dungeon Crawl Stone Soup version 0.32-a0-834-geaf45d8e21 (webtiles) character file.

Game seed: 9766914666929228540

14 tilp the Vexing (level 2, 0/19 HPs)
             Began as a Vampire Enchanter on Mar 25, 2024.
             Slain by a jackal (2 damage)
             ... on level 1 of the Dungeon.
             The game lasted 00:01:09 (252 turns).

tilp the Vexing (Vampire Enchanter)                  Turns: 252, Time: 00:01:09

Health: 0/19       AC:  2    Str:  7    XL:     2   Next: 27%
Magic:  5/5        EV: 11    Int: 17    God:
Gold:   46         SH:  0    Dex: 14    Spells: 3/5 levels left

rFire   + . .        a - +1 dagger
rCold   + . .        (no shield)
rNeg    . . .        b - +0 robe
rPois   +            (no helmet)
rElec   +            (no cloak)
rCorr   +            (no gloves)
SInv    +            (no boots)
Will    .....        (no amulet)
Stlth   +++          (no ring)
HPRegen 0.43/turn    (no ring)
MPRegen 0.09/turn

%: no passive effects
@: resistant, healing quickly, invisible
A: alive, fangs 3, see invisible, vampiric 1
a: Exsanguinate


You were on level 1 of the Dungeon.
You visited 1 branch of the dungeon, and saw 1 of its levels.

You collected 46 gold pieces.

Inventory:

Hand Weapons
 a - a +1 dagger (weapon)
Armour
 b - a +0 robe (worn)
Potions
 c - a potion of invisibility
 e - a potion of attraction {unknown}


   Skills:
 * Level 0.3 Fighting
 * Level 1.3(1.4) Short Blades
 * Level 0.3(0.9) Long Blades
 + Level 0.1 Armour
 + Level 2.3 Dodging
 + Level 4.5 Stealth
 + Level 0.0 Shields
 + Level 2.0 Spellcasting
 * Level 4.6 Hexes
 + Level 0.1 Evocations


You had 3 spell levels left.
You knew the following spells:

 Your Spells              Type           Power      Damage    Failure   Level
a - Ensorcelled Hibernat  Hex/Ice        18%        N/A       11%         2

Your spell library contained the following spells:

 Spells                   Type           Power      Damage    Failure   Level
 Confusing Touch          Hex            17%        N/A       9%          3
 Tukima's Dance           Hex            17%        N/A       9%          3
 Dazzling Flash           Conj/Hex       18%        N/A       22%         3


Dungeon Overview and Level Annotations

Branches:
Dungeon (1/15)

Altars:


Innate Abilities, Weirdness & Mutations

Your natural rate of healing is accelerated.
You have razor-sharp teeth.
You have supernaturally acute eyesight. (SInv)
You are afflicted with vampirism.


Message History

The jackal bites you. The bat closely misses you.
You closely miss the jackal. The bat barely misses you.
The jackal closely misses you. x2
Casting: Ensorcelled Hibernation (safe; 11% risk of failure)
Confirm with . or Enter, or press ? or * to list all spells.
Okay, then.
The jackal bites you. The jackal attacks as it pursues you!
The jackal bites you.
* * * LOW HITPOINT WARNING * * *
The bat closely misses you. The jackal misses you.
You fade into invisibility!
The bat barely misses you. The jackal bites you.
* * * LOW HITPOINT WARNING * * *
The jackal bites you.
* * * LOW HITPOINT WARNING * * *
The jackal barely misses you.
You miss the jackal. The bat hits you but does no damage.
You hit the jackal but do no damage. The bat hits you but does no damage.
The jackal closely misses you. The jackal bites you.
* * * LOW HITPOINT WARNING * * *
The rat bites you.
* * * LOW HITPOINT WARNING * * *
The jackal barely misses you. The jackal closely misses you.
You catch the helpless jackal completely off-guard!
You puncture the jackal!
You kill the jackal!
The bat closely misses you. The jackal bites you.
* * * LOW HITPOINT WARNING * * *
The rat bites you but does no damage.
Unknown command.
You hit the jackal.
The jackal is severely wounded.
The bat hits you.
* * * LOW HITPOINT WARNING * * *
The jackal barely misses you. The rat closely misses you.
Unknown command.
It was a potion of resistance.
You feel protected. The jackal bites you.
You die...

### ### #.. #.# #..
#############.###..
#...........#......
#...........#.##### ####
#.................† .....
#........#+##......
.....####†@.b......#.......
.........rh..........>#####
........######.....#..###..
#####...## #.....#..#....
#######..## #.....#..#....
......r...# #####.#..#....
....ß.⌠.ß.# #....#....
....r.....###########.#....
....⌠._.⌠..........†......#


You could see a jackal (unable to see you), a bat and a rat (unable to see you).

Vanquished Creatures
  An endoplasm (D:1)
  A giant cockroach (D:1)
  2 hobgoblins (D:1)
  2 jackals (D:1)
  3 kobolds (D:1)
  A bat (D:1)
  3 rats (D:1)
13 creatures vanquished.

Notes
Turn   | Place    | Note
-------+----------+-------------------------------------------
     0 | D:1      | tilp the Vampire Enchanter began the quest for the Orb.
     0 | D:1      | Reached XP level 1. HP: 13/13 MP: 3/3
   130 | D:1      | Reached XP level 2. HP: 19/19 MP: 5/5
   138 | D:1      | Learned a level 2 spell: Ensorcelled Hibernation
   227 | D:1      | Found a faded altar of an unknown god.
   252 | D:1      | Slain by a jackal

Illustrated notes

Levels and vault maps discovered:
D:1:      dpeg_arrival_leaves_temple_mockup, layout_basic,
          hellmonk_ecumenical_altar_dog_temple

Action                     || total
---------------------------++-------
  Melee: Dagger            ||    53
         Bite              ||     7
    Use: Potion            ||     2
   Stab: Sleeping          ||     2
         Invisible         ||     1
 Armour: Robe              ||    39
  Dodge: Dodged            ||    57

Table legend: (Time is in decaauts)
 A = Elapsed time spent in this place.
 B = Non-inter-level travel time spent in this place.
 C = Inter-level travel time spent in this place.
 D = Time resting spent in this place.
 E = Time spent auto-exploring this place.
 F = Levels seen in this place.
 G = Mean time per level.
                   A        B        C        D        E       F      G
               +--------+--------+--------+--------+--------+-----+--------+
         Total |    249 |    249 |      0 |      0 |    134 |   1 |  249.0 |
       Dungeon |    249 |    249 |      0 |      0 |    134 |   1 |  249.0 |
               +--------+--------+--------+--------+--------+-----+--------+

Top non-repeatable levels by time:
     D:1: 249 daAuts
